 Dungeon Crawl Stone Soup version 0.31-a0-233-g139696dc86 (webtiles) character file.

Game seed: 9210511576343018235

242 ketsa the Ruffian (level 5, -1/46 HPs)
             Began as a Troll Artificer on July 8, 2023.
             Slain by an orc
             ... wielding a +0 flail
              (9 damage)
             ... on level 4 of the Dungeon.
             The game lasted 00:06:51 (2112 turns).

ketsa the Ruffian (Troll Artificer)                 Turns: 2112, Time: 00:06:51

Health: -1/46      AC:  4    Str: 22    XL:     5   Next: 82%
Magic:  4/4        EV: 15    Int:  7    God:
Gold:   128        SH:  0    Dex: 10    Spells: 4/4 levels left

rFire   . .          .
                       - Unarmed
rCold   . . .        (no shield)
rNeg    . . .        b - +0 robe
rPois   +            (helmet restricted)
rElec   .            (no cloak)
rCorr   .            (gloves unavailable)
SInv    .            (boots unavailable)
Will    .....        y - amulet of regeneration
Stlth   +            h - ring of poison resistance
HPRegen 1.87/turn    z - +5 ring of evasion
MPRegen 0.09/turn

%: no passive effects
@: no status effects
A: large, unfitting armour, claws 3, regeneration 1, shaggy fur 1, tough skin 1
a: no special abilities


You were on level 4 of the Dungeon.
You visited 1 branch of the dungeon, and saw 4 of its levels.

You collected 128 gold pieces.

Inventory:

Missiles
 o - 4 poisoned darts
Armour
 b - a +0 robe (worn)
Magical Staves
 f - a staff of death
Jewellery
 h - a ring of poison resistance (left claw)
 i - a ring of protection from fire
 y - an amulet of regeneration (around neck)
 z - a +5 ring of evasion (right claw)
Wands
 c - a wand of flame (15) (quivered)
 d - a wand of charming (15)
 e - a wand of iceblast (5)
 v - a wand of mindburst (14)
Scrolls
 j - 2 scrolls of identify {unknown}
 k - 2 scrolls of fog {unknown}
 l - a scroll of immolation {unknown}
 m - a scroll of noise {unknown}
 n - 2 scrolls of enchant weapon {unknown}
 q - a scroll of fear {unknown}
 s - a scroll of blinking {unknown}
 t - a scroll of enchant armour {unknown}
 u - a scroll of revelation {unknown}
 A - a scroll of acquirement {unknown}
Potions
 a - a potion of heal wounds {unknown}
 g - a potion of degeneration {unknown}
 p - a potion of magic {unknown}
 r - a potion of curing {unknown}
 w - a potion of berserk rage {unknown}
 x - a potion of haste {unknown}


   Skills:
 - Level 0.7 Fighting
 - Level 1.9 Dodging
 - Level 0.3 Stealth
 * Level 4.5 Unarmed Combat
 + Level 3.3 Evocations


You had 4 spell levels left.
You didn't know any spells.
Your spell library contained the following spells:

 Spells                   Type           Power      Damage    Failure   Level
 Shock                    Conj/Air       0%         1d3       43%         1
 Swiftness                Air            0%         N/A       80%         3
 Airstrike                Air            0%         2d(0-16)  99%         4
 Conjure Ball Lightning   Conj/Air       0%         3x3d6     100%        6
 Discord                  Hex            0%         N/A       100%        8
 Disjunction              Tloc           0%         N/A       100%        8


Dungeon Overview and Level Annotations

Branches:
Dungeon (4/15)
 Temple: D:4-7

Altars:
Dithmenos
Hepliaklqana
Yredelemnul


Innate Abilities, Weirdness & Mutations

You are too large for most types of armour.
You have claws for hands.
Your natural rate of healing is unusually fast.
You are covered in fur. (AC +1)
You have tough skin. (AC +1)


Message History

The magic dart hits you.
You miss something. Something hits you but does no damage.
You barely miss something. Something hits you.
You miss something.
You hear some strange, mumbled words.
A puff of flame appears from out of thin air!
The puff of flame hits you!
You completely miss something. Something hits you.
You barely miss something. Something hits you.
The orc priest miscasts a cantrip.
You scratch something.
Reactivating autopickup.
You feel a bit more experienced.
You closely miss the orc priest.
The orc priest calls down the wrath of Beogh upon you.
Beogh smites you!
You scratch the orc priest.
The orc priest is moderately wounded.
You claw the orc priest!
The orc priest is almost dead.
The orc priest barely misses you.
You barely miss the orc priest.
The orc priest is almost dead.
The orc priest invokes the aid of Beogh against you.
Pain shoots through your body!
You scratch the orc priest but do no damage.
The orc priest is almost dead.
The orc priest calls down the wrath of Beogh upon you.
Beogh smites you!
* * * LOW HITPOINT WARNING * * *
Okay, then.
You claw the orc priest!
You kill the orc priest!
You scratch the orc.
The orc is lightly wounded.
The orc barely misses you.
You barely miss the orc.
The orc is lightly wounded.
The orc hits you with a +0 flail!
You die...

### #.# ..# #.# #.#
#.######## #........#
#############
########.####...@o...)..#
#.##...####.####......#
#####....#.# ..... ......#
#......#...#.......#.#....#
#......###.#.......#.#....#
#......'...^..._...^.+ ...+
#......###.#$......#.# S.#
#......###.#.......#.# ..#
#........#.# .....


You could see an orc.

Vanquished Creatures
  A scorpion (D:3)
  An orc priest (D:4)
  A jelly (D:3)
  An orc wizard (D:4)
  4 adders
  2 worms (D:2)
  A dart slug (D:2)
  An orc (D:4)
  6 ball pythons
  8 endoplasms
  4 giant cockroaches
  7 goblins
  7 hobgoblins
  4 jackals (D:2)
  4 quokkas
  9 bats
  A frilled lizard (D:3)
  2 kobolds (D:1)
  8 rats
72 creatures vanquished.

Notes
Turn   | Place    | Note
-------+----------+-------------------------------------------
     0 | D:1      | ketsa the Troll Artificer began the quest for the Orb.
     0 | D:1      | Reached XP level 1. HP: 18/18 MP: 0/0
   166 | D:1      | Reached skill level 1 in Unarmed Combat
   249 | D:1      | Reached XP level 2. HP: 26/26 MP: 1/1
   728 | D:2      | Reached skill level 2 in Unarmed Combat
   760 | D:1      | Reached XP level 3. HP: 32/32 MP: 2/2
   778 | D:2      | Found a basalt altar of Yredelemnul.
  1073 | D:2      | Reached XP level 4. HP: 38/40 MP: 3/3
  1116 | D:2      | Reached skill level 3 in Unarmed Combat
  1550 | D:3      | Noticed a scorpion
  1569 | D:3      | Killed a scorpion
  1570 | D:3      | Reached XP level 5. HP: 40/46 MP: 4/4
  1676 | D:3      | Reached skill level 4 in Unarmed Combat
  1696 | D:3      | Found a shadowy altar of Dithmenos.
  2069 | D:4      | Found a hazy altar of Hepliaklqana.
  2112 | D:4      | Slain by an orc

Illustrated notes

Levels and vault maps discovered:
D:1:      scummos_arrival_star, layout_loops_ring
D:2:      layout_rooms, basic_altar, minmay_cut_off
D:3:      layout_loops_ring, mainiacjoe_overflow_surrounded_room, serial_glass,
          glass_columns_b, glass_columns_b, nrook_campfire
D:4:      layout_basic, mainiacjoe_overflow_alcove_4, nicolae_vehumet_radiance,
          lemuel_tele_altar, ebering_ghost_sewer_f, serial_curves,
          eino_curves_02, eino_curves_02

Skill      XL: |  1  2  3  4  5 |
---------------+----------------+-----
Unarmed Combat | 1 2 3 4 |  4.5
Evocations     | 3 |  3.3
Fighting       | |  0.7
Dodging        | |  1.9
Stealth        | |  0.3

Action                     |  1- 3 |  4- 6 || total
---------------------------+-------+-------++-------
  Melee: Club              |    24 |       ||    24
         Unarmed           |   102 |   112 ||   214
         Punch             |       |     4 ||     4
   Stab: Sleeping          |     1 |     2 ||     3
 Armour: Robe              |    65 |    37 ||   102
  Dodge: Dodged            |    74 |    58 ||   132

Table legend: (Time is in decaauts)
 A = Elapsed time spent in this place.
 B = Non-inter-level travel time spent in this place.
 C = Inter-level travel time spent in this place.
 D = Time resting spent in this place.
 E = Time spent auto-exploring this place.
 F = Levels seen in this place.
 G = Mean time per level.
                   A        B        C        D        E       F      G
               +--------+--------+--------+--------+--------+-----+--------+
         Total |   2110 |   2042 |     68 |     87 |   1158 |   4 |  527.5 |
       Dungeon |   2110 |   2042 |     68 |     87 |   1158 |   4 |  527.5 |
               +--------+--------+--------+--------+--------+-----+--------+

Top non-repeatable levels by time:
     D:1: 733 daAuts
     D:3: 670 daAuts
     D:2: 621 daAuts
     D:4: 85 daAuts
